Map: 프리온 단구

Players

llllllllllll (Scarlett)

  • Race: Zerg Zerg
  • League: Grandmaster

lllllllllll - Winner!

  • Race: Zerg Zerg
  • League: Master

VOD

Have the link to the VOD?

Description

Time

  • Played on: April 13, 2016, 4:56 a.m.
  • Length: 8:35
Show
View Real Time Build Order
Export as new Build Order

llllllllllll Zerg 

Build Orders: Hatch First, Zergling Baneling 

Get SALT Encoding   

  12  0:00  Drone  
  13  0:08  Drone  
  14  0:17  Overlord  
  14  0:23  Extractor, Drone  
  15  0:36  Drone x2  
  17  0:51  Hatchery  
  17  0:55  Drone  
  17  0:57  Drone  
  18  1:10  Spawning Pool  
  17  1:12  Extractor  
  17  1:15  Drone  
  18  1:18  Drone  
  18  1:30  Drone  
  19  1:39  Overlord  
  19  1:57  Queen, Zergling x2  
  22  2:03  Queen  
  22  2:04  Zergling x2  
  22  2:07  Drone  
  26  2:11  Drone  
  26  2:13  Metabolic Boost  
  27  2:19  Drone  
  27  2:21  Drone  
  29  2:26  Drone  
  30  2:32  Queen  
  30  2:35  Drone x2  
  34  2:46  Zergling x2  
  34  2:50  Hatchery  
  34  2:53  Zergling x2  
  35  3:00  Overlord, Baneling Nest  
  34  3:14  Zergling x2  
  34  3:15  Zergling x2  
  36  3:24  Zergling x8  
  36  3:25  Zergling x4  
  40  3:52  Baneling x6  
  40  3:54  Overlord  
  40  3:55  Zergling x8  
  41  3:59  Extractor  
  43  4:06  Overlord  
  43  4:07  Zergling x2  
  43  4:08  Zergling x10  
  47  4:18  Zergling x6  
  41  4:39  Zergling x2  
  41  4:40  Zergling x8, Baneling  
  41  4:41  Baneling x3  
  41  4:43  Drone x2  
  48  4:49  Roach Warren, Drone  
  48  4:55  Hatchery  
  45  5:13  Zergling x10  
  40  5:21  Zergling x8  
  39  5:33  Roach, Baneling x2  
  39  5:34  Roach x2  
  45  5:36  Baneling x2  
  43  5:44  Roach x2  
  47  5:53  Roach x2  
  50  6:01  Baneling x2  
  48  6:07  Drone x7  
  55  6:14  Baneling  
  55  6:16  Roach  
  55  6:17  Roach  
  59  6:26  Roach, Overlord  
  59  6:31  Roach x2  
  64  6:45  Drone x6  
  70  6:53  Overlord  
  70  6:58  Overlord x2  
  69  7:04  Overlord  
  69  7:13  Roach x2  
  69  7:14  Overlord  
  69  7:15  Overlord  
  73  7:17  Roach, Evolution Chamber  
  74  7:30  Drone  
  74  7:31  Lair, Drone x4  
  74  7:32  Roach  
  74  7:33  Ravager  
  81  7:44  Roach  
  81  7:45  Roach x2  
  81  7:50  Roach, Zergling x2  
  81  7:51  Zergling x6  
  85  8:03  Roach x3  
  85  8:13  Roach x2  
  85  8:17  Zergling x14  
Show
View Real Time Build Order
Export as new Build Order

lllllllllll Zerg - Winner!

Build Orders: Hatch First, Zergling Baneling 

Get SALT Encoding   

  12  0:01  Drone  
  13  0:12  Overlord  
  13  0:17  Drone  
  14  0:31  Drone  
  14  0:32  Drone  
  17  0:35  Drone  
  17  0:52  Hatchery  
  17  0:55  Drone  
  17  0:57  Drone  
  17  1:02  Extractor  
  17  1:13  Spawning Pool  
  17  1:17  Drone  
  17  1:19  Drone  
  18  1:28  Drone  
  19  1:38  Overlord  
  19  2:01  Queen  
  19  2:02  Drone x2  
  19  2:04  Queen  
  25  2:08  Metabolic Boost  
  25  2:12  Zergling x2  
  26  2:20  Drone  
  26  2:21  Drone  
  28  2:23  Zergling x2  
  28  2:29  Baneling Nest  
  28  2:31  Drone  
  28  2:32  Drone  
  30  2:48  Drone x2  
  30  2:49  Hatchery  
  31  2:51  Drone  
  31  2:58  Overlord  
  32  3:01  Zergling x2  
  33  3:10  Zergling x2  
  33  3:11  Zergling x4  
  35  3:18  Zergling x4  
  37  3:22  Hatchery  
  37  3:26  Zergling x6  
  37  3:27  Zergling x2  
  40  3:28  Zergling x2  
  41  3:36  Overlord  
  41  3:41  Baneling  
  40  3:46  Overlord x2  
  40  3:49  Zergling x4  
  40  3:54  Zergling x4  
  43  3:56  Baneling  
  43  3:57  Baneling  
  43  4:04  Zergling x2  
  43  4:05  Zergling x6  
  43  4:06  Baneling x2  
  47  4:14  Zergling x2  
  46  4:20  Zergling x4  
  46  4:21  Zergling x8  
  49  4:28  Roach Warren  
  49  4:30  Baneling  
  41  4:37  Zergling x6  
  41  4:38  Queen  
  40  4:42  Zergling x2  
  40  4:43  Zergling x2  
  44  4:46  Zergling x2  
  44  4:50  Zergling x6  
  44  4:52  Overlord  
  48  4:57  Baneling x4  
  48  4:59  Baneling x2  
  44  5:11  Zergling x14  
  44  5:13  Queen  
  49  5:17  Drone x2  
  49  5:19  Drone  
  47  5:33  Drone x3  
  47  5:34  Drone x3  
  53  5:38  Extractor  
  53  5:41  Drone x2  
  54  6:01  Roach x6  
  64  6:06  Drone x3  
  67  6:14  Overlord  
  67  6:15  Drone x3  
  67  6:16  Drone  
  71  6:18  Extractor  
  71  6:25  Roach x4  
  78  6:35  Roach x3  
  82  6:43  Evolution Chamber, Drone x3  
  82  6:44  Overlord x2  
  84  6:57  Overlord x2  
  80  7:04  Baneling x4  
  80  7:11  Roach x4  
  80  7:12  Roach x2  
  92  7:35  Roach x8, Overlord  
  107  7:41  Zergling x10  
  112  7:44  Overlord  
  112  7:51  Baneling  
  112  7:52  Overlord, Baneling x4  
  112  7:53  Zergling x4  
  112  7:56  Zergling x10  
  117  8:00  Zergling x2  
  117  8:07  Zergling x4  
  117  8:12  Zergling x14  
  112  8:22  Ravager  
  112  8:23  Ravager x2  
  105  8:29  Ravager x2  
  105  8:31  Ravager  
Tags
 
Add a new tag
Caveats
  • Supply blocks, unpowered buildings, or Contaminate may cause inaccurate times.
  • Supply counts are checked every 10 seconds.